AoeStats
← Swarm

Yucatan

510357043Analyzed
2v2 RM · 1d ago on Sep 30, 2026· 35m 49s· 4 players
Game mode
Random Map
Map size
Medium (4 player)
Population
200
Speed
Normal
Resources
Standard
Victory
Conquest
Starting age
Dark Age
Ending age
Imperial Age
RankedLock teamsTeams togetherTeam positionsShared explorationLock speedFull tech treeHidden civsTurbo modeCheats
Victory
Defeat
🇩🇪 Persians · Germany
1153
+14
🇩🇪 Tupi · Germany
1140
+14
🇸🇪 Vietnamese · Sweden
1105
-23
🇸🇪 Varangians · Sweden
1102
-20
Blåbär
7:09 Loom
9:55 Feudal Age
11:11 Double-Bit Axe
13:27 Fletching
15:13 Gold Mining
15:57 Horse Collar
23:50 Castle Age
24:08 Pikeman
24:48 Squires
24:41 Crossbowman
25:28 Thumb Ring
25:37 Bodkin Arrow
25:57 Padded Archer Armor
28:12 Ballistics
28:41 Elite Skirmisher
30:20 Leather Archer Armor
31:23 Bow Saw
Lurresson
7:11 Loom
11:29 Feudal Age
13:34 Double-Bit Axe
15:57 Castle Age
14:15 Bloodlines
17:12 Husbandry
16:38 Light Cavalry
17:38 Scale Barding Armor
24:24 Horse Collar
27:02 Heavy Plow
28:06 Gold Mining
28:41 Forging
29:24 Chain Barding Armor
30:32 Iron Casting
34:02 Imperial Age
34:15 Cavalier
35:41 Plate Barding Armor
SemperBlender
10:55 Feudal Age
9:11 Loom
15:01 Castle Age
13:16 Double-Bit Axe
13:46 Stone Mining
14:46 Gold Mining
14:41 Horse Collar
16:19 Heavy Plow
20:06 Town Watch
21:36 Fletching
23:54 Ballistics
24:08 Bodkin Arrow
24:25 Padded Archer Armor
25:10 Bow Saw
27:09 Leather Archer Armor
27:47 Gold Shaft Mining
28:13 Wheelbarrow
33:32 Imperial Age
31:20 Hand Cart
30:49 Treadmill Crane
31:05 Murder Holes
34:12 Bracer
35:15 Chemistry
35:17 Two-Man Saw
34:40 Conscription
35:37 Elite Blackwood Archer
Swarm
10:29 Feudal Age
13:56 Castle Age
12:25 Double-Bit Axe
14:40 Bow Saw
17:54 Scale Barding Armor
18:00 Forging
20:54 Horse Collar
22:38 Heavy Plow
23:01 Loom
28:18 Imperial Age
26:26 Wheelbarrow
27:18 Chain Barding Armor
27:44 Bloodlines
27:37 Husbandry
28:02 Gold Mining
28:03 Stone Mining
28:25 Cavalier
29:48 Plate Barding Armor
29:42 Heavy Camel Rider
31:46 Iron Casting
35:25 Hand Cart
35:48 Cavalier
Connection lost

Rejoining the realm…

Still unreachable

The connection could not be restored.

Session expired

The server has moved on; the page needs a fresh start.